 Dungeon Crawl Stone Soup version 0.29.0-13-gc9e81de378 (webtiles) character file.

Game seed: 9980426330003994047

585 NinjaNoafa the Magician (level 7, -2/49 HPs)
             Began as a Djinni Necromancer on Sept 9, 2022.
             Was an Initiate of Makhleb.
             Killed from afar by Blork the orc (4 damage)
             ... with a puff of flame
             ... on level 5 of the Dungeon.
             The game lasted 00:15:18 (5058 turns).

NinjaNoafa the Magician (Djinni Necromancer)        Turns: 5058, Time: 00:15:19

Health: -2/49      AC:  0    Str:  7    XL:     7   Next: 64%
Gold:   240        EV: 12    Int: 18    God:    Makhleb [......] SH: 11 Dex: 14

rFire   + + .      SeeInvis .   v - +1 hand axe (vamp)
rCold   . . .      Faith    .   c - +2 buckler "Hucuiwk" {rC+}
rNeg    . . .      Spirit   .   (no body armour)
rPois   ∞          Reflect  +   (no helmet)
rElec   .          Harm     .   (no cloak)
rCorr   .          Rampage  .   (no gloves)
Will    .....                   (boots unavailable)
Stlth   ++........              d - amulet of reflection
HPRegen 0.16/turn               (no ring)
MPRegen 0.00/turn               (no ring)

@: mighty, flying, hasted, very quick
A: sickness immunity, fire resistance 2, cold vulnerability 1, float, innate
caster, HP casting, extra vitality 1
a: Renounce Religion


You were on level 5 of the Dungeon.
You worshipped Makhleb.
Makhleb was noncommittal.
You visited 2 branches of the dungeon, and saw 6 of its levels.
You also visited: Sewer.

You collected 240 gold pieces.

Inventory:

Hand Weapons
 v - a +1 vampiric hand axe (weapon)
Missiles
 b - 11 boomerangs
 e - 48 stones
 r - 6 poisoned darts
Armour
 c - the +2 buckler "Hucuiwk" (worn) {rC+}
   (You acquired it on level 5 of the Dungeon)

   rC:        It protects you from cold.
Jewellery
 d - an amulet of reflection (around neck)
Wands
 k - a wand of mindburst (13)
Scrolls
 i - 2 scrolls of noise
 l - a scroll of vulnerability
 o - a scroll of blinking
 p - a scroll of brand weapon {unknown}
 q - a scroll of immolation {unknown}
 w - a scroll of enchant armour {unknown}
Potions
 a - a potion of flight
 g - 3 potions of haste
 h - a potion of cancellation {unknown}
 j - a potion of brilliance {unknown}
 m - a potion of heal wounds {unknown}
 s - 2 potions of curing {unknown}
 t - a potion of ambrosia {unknown}
 u - 2 potions of mutation {unknown}


   Skills:
 + Level 2.4 Fighting
 - Level 2.1 Dodging
 - Level 1.5 Stealth
 + Level 2.4 Shields
 - Level 6.0 Spellcasting
 + Level 1.0 Invocations


You couldn't memorise any spells.
You knew the following spells:

 Your Spells              Type           Power      Damage    Failure   Level
a - Necrotise             Necr           100%       1d9       1%          1
b - Vampiric Draining     Necr           27%        2d7       4%          3
c - Animate Dead          Necr           27%        N/A       13%         4
d - Agony                 Necr           27%        N/A       36%         5
e - Apportation           Tloc           54%        N/A       1%          1
f - Call Imp              Summ           27%        N/A       1%          2
g - Spider Form           Tmut/Pois      27%        N/A       4%          3
Your spell library was empty.

Dungeon Overview and Level Annotations

Branches:
Dungeon (5/15)             Temple (1/1) D:4           Sewer (visited)

Altars:
Ashenzari
Cheibriados
Dithmenos
Elyvilon
Fedhas
Hepliaklqana
Makhleb
Nemelex Xobeh
Qazlal
Ru
Trog
Uskayaw
Wu Jian
Xom
Yredelemnul
Zin
The Shining One

Annotations:
D:5 Blork the orc


Innate Abilities, Weirdness & Mutations

You are immune to sickness and miasma.
You are immune to poison.
Your flesh is very heat resistant. (rF++)
You are vulnerable to cold. (rC-)
You float through the air rather than walking.
You learn spells naturally, not from books.
Your magical power is your life essence.
You have superior vitality. (+4 MHP)


Message History

Aim: an ogre, wielding a +0 giant spiked club (almost dead, not watching you, ally target, chance to affect: 83%)
The ogre writhes in agony.
You kill the ogre!
Makhleb accepts your kill.
The dead are walking!
Your shadow imp gestures at Blork the orc.
Blork the orc struggles to resist.
Your Invocations skill increases to level 1!
It was a potion of flight.
You feel more buoyant.
Your shadow imp hits Blork the orc.
It was a potion of might.
You feel very mighty all of a sudden.
Blork the orc frowns.
Blork the orc hits you with a +0 war axe!
Blork the orc hits your ogre skeleton with a +0 war axe!
Blork the orc hits your shadow imp but does no damage.
Your ogre skeleton hits Blork the orc.
Your shadow imp hits Blork the orc but does no damage.
You slash Blork the orc!
You feel better.
Blork the orc is severely wounded.
Blork the orc hits you with a +0 war axe!
* * * LOW HITPOINT WARNING * * *
Blork the orc hits your ogre skeleton with a +0 war axe.
Blork the orc hits your shadow imp with a +0 war axe.
Your shadow imp hits Blork the orc but does no damage.
Your ogre skeleton completely misses Blork the orc.
Blork the orc hits you with a +0 war axe!
* * * LOW HITPOINT WARNING * * *
Blork the orc hits your shadow imp with a +0 war axe!
Your shadow imp dies!
Your shadow imp disappears in a puff of smoke!
Blork the orc hits your ogre skeleton with a +0 war axe.
It was a potion of haste.
You feel yourself speed up. Blork the orc barely misses you.
Blork the orc hits your ogre skeleton with a +0 war axe.
Your ogre skeleton misses Blork the orc.
Blork the orc gestures at you while chanting.
The puff of flame hits you. You resist.
You die...

....#...# ....#..##
......## ......###
.###....# ###
.##.....### ###.#
.###......# #####...##
..###.....###..##....#
...............>@...##
....##.......#......#
..#..........###.oZ##
..##...#.....#.#)###
#..##..#####......# #
..### #.....### ..
#....#### ... #......
.... .......


You could see Blork the orc (ally target) and a friendly ogre skeleton.

Vanquished Creatures
  An ogre (D:5)
  A bullfrog (Sewer)
  Jessica (D:2)
  An orc wizard (D:3)
  6 adders
  2 worms (D:2)
  A dart slug (D:1)
  10 orcs
  9 ball pythons
  7 bats
  4 endoplasms
  18 giant cockroaches
  4 goblins
  7 hobgoblins
  2 jackals (D:1)
  5 quokkas
  A ball python skeleton (D:2)
  8 frilled lizards
  A jackal zombie (D:2)
  A kobold (D:5)
  7 rats
97 creatures vanquished.

Vanquished Creatures (collateral kills)
  Prince Ribbit (D:5)
  A worm (D:3)
  A dart slug (D:1)
  4 orcs
  2 ball pythons
  An endoplasm (D:3)
  A giant cockroach (Sewer)
  A bat (D:2)
  A frilled lizard (Sewer)
  A quokka skeleton (D:2)
14 creatures vanquished.

Grand Total: 111 creatures vanquished

Notes
Turn   | Place    | Note
-------+----------+-------------------------------------------
     0 | D:1      | NinjaNoafa the Djinni Necromancer began the quest for the
                  | Orb.
     0 | D:1      | NinjaNoafa set off with the following spells memorised:
                  | Necrotise, Vampiric Draining, Animate Dead, Agony.
     0 | D:1      | Reached XP level 1. HP: 15/15 MP: 0/0
   287 | D:1      | Reached XP level 2. HP: 17/21 MP: 0/0
   607 | D:1      | Reached XP level 3. HP: 24/25 MP: 0/0
   607 | D:1      | Learned a level 1 spell: Apportation
   897 | D:1      | Reached skill level 4 in Spellcasting
  1474 | D:2      | Reached XP level 4. HP: 17/31 MP: 0/0
  1744 | D:2      | Noticed Jessica
  1749 | D:2      | Killed Jessica
  2147 | D:2      | Reached XP level 5. HP: 33/35 MP: 0/0
  2147 | D:2      | Learned a level 2 spell: Call Imp
  2257 | D:2      | Found a glowing silver altar of Zin.
  2486 | D:3      | Reached skill level 5 in Spellcasting
  2700 | D:3      | Found a glowing drain.
  2715 | Sewer    | Entered a sewer
  3210 | Sewer    | Noticed a bullfrog
  3223 | Sewer    | Killed a bullfrog
  3224 | Sewer    | Reached XP level 6. HP: 38/40 MP: 0/0
  3477 | D:3      | Found a faded altar of an unknown god.
  4322 | D:4      | Found a staircase to the Ecumenical Temple.
  4351 | Temple   | Entered the Ecumenical Temple
  4489 | Temple   | Became a worshipper of Makhleb the Destroyer
  4521 | D:4      | Identified a scroll of acquirement
  4526 | D:4      | Noticed an orc warrior
  4530 | D:5      | Entered Level 5 of the Dungeon
  4603 | D:5      | Acquired the +2 buckler "Hucuiwk" {rC+}
  4796 | D:5      | Noticed Prince Ribbit
  4810 | D:5      | Killed Prince Ribbit
  4811 | D:5      | Reached skill level 6 in Spellcasting
  4811 | D:5      | Reached XP level 7. HP: 16/49 MP: 0/0
  4811 | D:5      | Learned a level 3 spell: Spider Form
  5040 | D:5      | Noticed Blork the orc
  5053 | D:5      | Reached skill level 1 in Invocations
  5055 | D:5      | HP: 1/49 [Blork the orc/+0 war axe (12)]
  5058 | D:5      | Killed from afar by Blork the orc

Illustrated notes

Levels and vault maps discovered:
D:1:      dpeg_arrival_erosion, layout_basic
D:2:      layout_basic, basic_altar, serial_undead, serial_undead_d,
          serial_undead_b, serial_undead_e, serial_undead_a, minivault_27,
          uniq_jessica
D:3:      layout_loops_ring, shapermc_ecumenical_altar_starsandcircs,
          portal_sewer_entry_f
D:4:      minmay_inner_zag, layout_rooms, minmay_temple_entry_crystal_x
D:5:      layout_cave_pools, kennysheep_path_1, nrook_mini_vaults,
          corexii_item_surrounded_by_moat, minmay_manual_monstrance,
          uniq_prince_ribbit1, uniq_menkaure, uniq_blork_the_orc
Temple:   nicolae_temple_bog_church

Skill      XL: |  1  2  3  4  5  6  7 |
---------------+----------------------+-----
Spellcasting   | 4 5 6 |  6.0
Fighting       | 2 |  2.4
Shields        | 2 |  2.4
Invocations    | 1 |  1.0
Dodging        | |  2.1
Stealth        | |  1.5

Action                   |  1- 3 |  4- 6 |  7- 9 || total
-------------------------+-------+-------+-------++-------
Melee: Dagger            |     3 |    31 |       ||    34
       Hand axe          |       |     1 |     1 ||     2
Throw: Boomerang         |     3 |       |       ||     3
 Cast: Necrotise         |    56 |   104 |     4 ||   164
       Apportation       |     4 |     1 |       ||     5
       Vampiric Draining |     2 |    13 |     1 ||    16
       Call Imp          |       |     9 |     1 ||    10
  Use: Scroll            |       |     7 |       ||     7
       Potion            |       |       |     3 ||     3
Armor: Robe              |     6 |    11 |       ||    17
Dodge: Dodged            |    18 |    54 |     1 ||    73
Block: Other             |     1 |    17 |       ||    18
       Buckler           |       |     3 |       ||     3
